 Dungeon Crawl Stone Soup version 0.30-a0-360-g447f08457e (webtiles) character file.

Game seed: 9452066714488915587

149 Manisian the Insei (level 5, -7/33 HPs)
             Began as an Octopode Transmuter on Nov 13, 2022.
             Splashed by a jelly's acid (10 damage)
             ... in a sewer.
             The game lasted 00:03:42 (2006 turns).

Manisian the Insei (Octopode Transmuter)            Turns: 2006, Time: 00:03:42

Health: -7/33      AC: -3    Str: 10    XL:     5   Next: 31%
Magic:  8/9        EV: 13    Int: 17    God:
Gold:   96         SH:  0    Dex: 12    Spells: 3/9 levels left

rFire   . . .      SeeInvis .      - Unarmed
rCold   . . .      Faith    .    (no shield)
rNeg    . . .      Spirit   .    (helmet currently unavailable)
rPois   .          Reflect  .    (no amulet)
rElec   .          Harm     .    (no ring)
rCorr   .          Rampage  .    (no ring)
Will    .....                    (no ring)
Stlth   ++++......               (no ring)
HPRegen 0.25/turn                (no ring)
MPRegen 0.11/turn                (no ring)
                                 (no ring)
                                 (no ring)

@: appendages, corroded
A: tentacle spike 3, almost no armour, amphibious, 8 rings, camouflage 1,
gelatinous body 1, nimble swimmer 1, tentacles
a: End Transformation


You were in a sewer.
One of your tentacles had grown a beastly spike.
You visited 1 branch of the dungeon, and saw 3 of its levels.
You also visited: Sewer.

You collected 96 gold pieces.

Inventory:

Missiles
 h - 8 stones
Armour
 b - an orb of mayhem
Scrolls
 c - a scroll of teleportation
 i - a scroll of enchant weapon {unknown}
 k - a scroll of identify
Potions
 a - 3 potions of lignification
 d - a potion of cancellation {unknown}
 e - a potion of haste {unknown}
 f - 2 potions of attraction
 g - a potion of heal wounds {unknown}
 j - a potion of resistance {unknown}


   Skills:
 + Level 1.1 Fighting
 + Level 2.3 Dodging
 + Level 2.1 Stealth
 + Level 4.0 Unarmed Combat
 + Level 2.7 Spellcasting
 + Level 3.0 Transmutations
 * Level 1.1 Poison Magic


You had 3 spell levels left.
You knew the following spells:

 Your Spells              Type           Power      Damage    Failure   Level
a - Beastly Appendage     Tmut           24%        N/A       4%          1
b - Wereblood             Tmut           12%        N/A       8%          2
c - Spider Form           Tmut/Pois      9%         N/A       22%         3

Your spell library contained the following spells:

 Spells                   Type           Power      Damage    Failure   Level
 Ice Form                 Ice/Tmut       7%         N/A       67%         4


Dungeon Overview and Level Annotations

Branches:
Dungeon (3/15)              Sewer (1/1)

Altars:


Innate Abilities, Weirdness & Mutations

One of your tentacles has grown a beastly spike.
You cannot wear most types of armour.
You are amphibious.
You can wear up to eight rings at the same time.
Your skin changes colour to match your surroundings (Stealth+).
Your rubbery body absorbs attacks. (AC +1, EV +1)
You are camouflaged when in or above water. (Stealth+)
You have tentacles for arms and can constrict up to eight enemies at once.


Message History

You kill the rat!
Your primal bloodlust is almost over.
You bludgeon the adder! You grab the adder.
You pierce the adder.
You kill the adder!
Your tentacle spike disappears.
The rat barely misses you.
You bludgeon the rat!
You kill the rat!
No target in view!
Your primal bloodlust has ended.
A rat comes into view.
You see here a rat corpse.
A rat is nearby!
A rat is nearby!
One of your tentacles grows a vicious spike.
The rat misses you.
You barely miss the rat. Your grab misses the rat.
You pierce the rat.
You kill the rat!
No target in view!
Your transformation is almost over.
Your tentacle spike disappears.
A jelly comes into view.
Found a grey potion.
The jelly quivers.
A jelly is nearby!
A jelly is nearby!
One of your tentacles grows a vicious spike.
The jelly hits you. The acid corrodes you!
You are splashed with acid!
You tentacle-slap the jelly but do no damage.
Your tentacles burn!
Your tentacle spike misses the jelly.
The jelly closely misses you.
You tentacle-slap the jelly.
Your tentacles burn!
The jelly is moderately wounded.
The jelly hits you.
You are splashed with acid!
* * * LOW HITPOINT WARNING * * *
You are too injured to fight recklessly!
The jelly attacks as you move away! The jelly hits you.
* * * LOW HITPOINT WARNING * * *
You are splashed with acid!
You die...

#~~. #~.~~
##### ..~#
##...## #..###
##.~.~.##~~~#~~
#~@.#~.~#.~....
#~J~##...~~.~~#
##.~.##~~.~~~..
##.~!#.~.~##..
!..##†~..~##
.~##....~..#
####.~†~##~~.~
##...~.## #.~.
#~††.~## #..


You could see a jelly.

Vanquished Creatures
  5 adders
  2 river rats
  2 worms (D:2)
  A dart slug (D:2)
  4 orcs (D:3)
  5 ball pythons
  6 bats
  9 endoplasms
  10 giant cockroaches
  4 goblins
  4 hobgoblins (D:2)
  3 jackals (D:2)
  3 quokkas
  2 frilled lizards (Sewer)
  2 kobolds
  9 rats
71 creatures vanquished.

Notes
Turn   | Place    | Note
-------+----------+-------------------------------------------
     0 | D:1      | Manisian the Octopode Transmuter began the quest for the
                  | Orb.
     0 | D:1      | Reached XP level 1. HP: 13/13 MP: 3/3
    68 | D:1      | Found a faded altar of an unknown god.
   171 | D:1      | Reached XP level 2. HP: 18/18 MP: 3/5
   196 | D:1      | Learned a level 2 spell: Wereblood
  1033 | D:2      | Reached XP level 3. HP: 12/23 MP: 1/6
  1376 | D:2      | Reached skill level 1 in Stealth
  1379 | D:2      | Reached XP level 4. HP: 27/28 MP: 2/7
  1655 | D:3      | Learned a level 3 spell: Spider Form
  1798 | D:3      | Found a glowing drain.
  1805 | Sewer    | Entered a sewer
  1862 | Sewer    | Reached XP level 5. HP: 20/33 MP: 9/9
  1877 | Sewer    | Reached skill level 4 in Unarmed Combat
  1962 | Sewer    | Reached skill level 1 in Poison Magic
  2006 | Sewer    | Splashed by a jelly's acid

Illustrated notes

Levels and vault maps discovered:
D:1:      dpeg_arrival_ternary, layout_loops_ring, ebering_ecumenical_altar_mist
D:2:      layout_basic
D:3:      wad_pebble_path, layout_basic, trog_wizard,
          cheibrodos_sewer_entry_sluice, uniq_robin, uniq_jessica, uniq_sigmund
Sewer:    sewer_hellmonk_slimy_pipes

Skill      XL: |  1  2  3  4  5 |
---------------+----------------+-----
Stealth        | 1 2 |  2.1
Transmutations | 3 |  3.0
Unarmed Combat | 4 |  4.0
Poison Magic   | 1 |  1.1
Fighting       | |  1.1
Dodging        | |  2.3
Spellcasting   | |  2.7

Action                   |  1- 3 |  4- 6 || total
-------------------------+-------+-------++-------
Melee: Unarmed           |    63 |    87 ||   150
       Constrict         |    20 |    17 ||    37
       Kick              |    20 |    20 ||    40
       Tentacles         |     8 |    13 ||    21
       Punch             |     5 |     1 ||     6
 Cast: Beastly Appendage |    21 |     9 ||    30
       Wereblood         |     2 |     3 ||     5
  Use: Scroll            |     1 |     5 ||     6
 Stab: Sleeping          |     2 |     6 ||     8
Armor: Skin              |     9 |     4 ||    13
Dodge: Dodged            |    53 |    61 ||   114

Table legend: (Time is in decaauts)
 A = Elapsed time spent in this place.
 B = Non-inter-level travel time spent in this place.
 C = Inter-level travel time spent in this place.
 D = Time resting spent in this place.
 E = Time spent auto-exploring this place.
 F = Levels seen in this place.
 G = Mean time per level.
                   A        B        C        D        E       F      G
               +--------+--------+--------+--------+--------+-----+--------+
         Total |   1995 |   1937 |     58 |     31 |   1466 |   4 |  498.8 |
       Dungeon |   1798 |   1740 |     58 |     31 |   1377 |   3 |  599.3 |
         Sewer |    196 |    196 |      0 |      0 |     89 |   1 |  196.0 |
               +--------+--------+--------+--------+--------+-----+--------+

Top non-repeatable levels by time:
     D:2: 867 daAuts
     D:1: 736 daAuts
   Sewer: 196 daAuts
     D:3: 193 daAuts
